 Dungeon Crawl Stone Soup version 0.18.1-6-gd335043 (webtiles) character file.

63 epen the Poker (level 4, 0/34 HPs)
             Began as a Merfolk Warper on May 19, 2016.
             Was an Initiate of Okawaru.
             Killed by divine providence
             ... invoked by an orc priest
              (10 damage)
             ... on level 4 of the Dungeon.
             The game lasted 00:03:04 (2541 turns).

epen the Poker (Merfolk Warper)                     Turns: 2541, Time: 00:03:04

Health: 0/34       AC:  3    Str: 11    XL:     4   Next: 10%
Magic:  7/7        EV: 12    Int: 13    God:    Okawaru [......]
Gold:   138        SH:  0    Dex: 13    Spells: 2 memorised, 5 levels left

rFire  . . .     SeeInvis .     a - +0 spear
rCold  . . .     Gourm    .     b - +0 leather armour
rNeg   . . .     Faith    .     (no shield)
rPois  .         Spirit   .     (no helmet)
rElec  .         Dismiss  .     (no cloak)
rCorr  .         Reflect  .     (no gloves)
SustAt .         Harm     .     (no boots)
MR     .....                    (no amulet)
Stlth  +.........               (no ring)
                                (no ring)

@: lethally poisoned (0 -> -14), not resistant to hostile enchantments, very
unstealthy
A: change form in water, swift swim
a: Renounce Religion


You were on level 4 of the Dungeon.
You worshipped Okawaru.
Okawaru was noncommittal.
You were hungry.

You visited 1 branch of the dungeon, and saw 4 of its levels.

You collected 138 gold pieces.

Inventory:

Hand Weapons
 a - a +0 spear (weapon)
Missiles
 e - 5 tomahawks of dispersal (quivered)
 v - 6 tomahawks of returning
Armour
 b - a +0 leather armour (worn)
Scrolls
 d - a scroll of blinking
 k - 3 scrolls of identify {unknown}
 m - a scroll of immolation {unknown}
 p - a scroll of fog {unknown}
 q - a scroll of recharging {unknown}
 r - a scroll of remove curse {unknown}
 u - a scroll of random uselessness {unknown}
 w - a scroll of teleportation {unknown}
Potions
 g - 2 potions of invisibility {unknown}
 i - 2 potions of degeneration {unknown}
 l - a potion of cure mutation {unknown}
 n - a potion of cancellation {unknown}
 s - a potion of curing {unknown}
 t - 2 potions of heal wounds {unknown}
Books
 c - a book of Spatial Translocations

   Spells                             Type                      Level
   a - Apportation                    Translocation                1
   b - Blink                          Translocation                2
   c - Shroud of Golubria             Charms/Translocation         2
   d - Portal Projectile              Translocation                3
   e - Teleport Other                 Translocation                3
   f - Passage of Golubria            Translocation                4
Comestibles
 f - 2 bread rations
 h - 3 fruits
 j - a meat ration
 o - a royal jelly
 z - a beef jerky


   Skills:
 + Level 2.6 Fighting
 * Level 3.5 Polearms
 + Level 1.6 Throwing
 + Level 0.9 Armour
 + Level 3.1 Dodging
 * Level 2.5 Spellcasting
 * Level 2.8 Translocations


You had 5 spell levels left.
You knew the following spells:

 Your Spells              Type           Power        Failure   Level  Hunger
a - Apportation           Tloc           #.........   12%         1    #......
b - Blink                 Tloc           N/A          17%         2    ###....


Dungeon Overview and Level Annotations

Branches:
Dungeon (4/15)
 Temple: D:4-7

Altars:
Nemelex Xobeh
Okawaru
Qazlal
Xom


Message History

An orc comes into view. It is wielding a dagger.
You closely miss the worker ant.
You feel sick.
The orc shouts!
The worker ant closely misses you.
You feel sick.
You hit the worker ant.
The worker ant is moderately wounded.
The worker ant bites you!
You are more poisoned.
The worker ant poisons you!
You completely miss the worker ant.
The worker ant is moderately wounded.
You feel sick. The worker ant bites you!
You closely miss the worker ant.
The worker ant is moderately wounded.
You feel sick. The worker ant bites you.
* * * LOW HITPOINT WARNING * * *
The orc priest mumbles some strange prayers to Beogh against you.
Beogh smites you!
You die...

## .# .# #
##.##
##.####...####.
........o......
#.....oo.o.oo.
#a# #@# #.# #.#
#>#
###.########
#.....##...#
###.....#....#
#...._.......#
#.#.....###.##


You could see a worker ant, an orc priest and 2 orcs.

Vanquished Creatures
  A gnoll (D:1)
  An ooze (D:1)
  A dart slug (D:1)
  A giant gecko (D:1)
  A ball python (D:2)
  A giant cockroach (D:1)
  8 goblins
  4 hobgoblins
  8 jackals (D:2)
  A quokka (D:3)
  2 bats
  4 giant newts
  5 kobolds
  3 rats
41 creatures vanquished.

Notes
Turn   | Place    | Note
--------------------------------------------------------------
     0 | D:1      | epen the Merfolk Warper began the quest for the Orb.
     0 | D:1      | Reached XP level 1. HP: 16/16 MP: 3/3
   256 | D:1      | Reached XP level 2. HP: 22/22 MP: 5/5
   317 | D:1      | Reached XP level 3. HP: 16/28 MP: 6/6
   334 | D:1      | Learned a level 2 spell: Blink
   567 | D:1      | Found a sparkling altar of Nemelex Xobeh.
  1388 | D:2      | Found an iron altar of Okawaru.
  1396 | D:2      | Became a worshipper of Warmaster Okawaru
  1529 | D:2      | Reached XP level 4. HP: 21/34 MP: 7/7
  1801 | D:3      | Found a shimmering altar of Xom.
  1836 | D:3      | Found a faded altar to an unknown god.
  2512 | D:4      | Found a stormy altar of Qazlal.
  2541 | D:4      | Killed from afar by an orc priest

Skill      XL: |  1  2  3 |
---------------+----------+-----
Dodging        | 3 |  3.1
Fighting       | |  2.6
Polearms       | |  3.5
Throwing       | |  1.6
Armour         | |  0.9
Spellcasting   | |  2.5
Translocations | |  2.8

Action                   |  1- 3 |  4- 6 || total
-------------------------+-------+-------++-------
Melee: Spear             |   152 |    36 ||   188
 Stab: Sleeping          |     1 |       ||     1
  Eat: Chunk             |     2 |     1 ||     3
       Pizza             |       |     1 ||     1
Armor: Leather armour    |    31 |     4 ||    35
Dodge: Dodged            |    75 |    13 ||    88
